[Event "Titled Tuesday Blitz July 26 Late 2022"]
[White "Martinez, Shawn"]
[Black "Livaic, Leon"]
[WhiteFideId "2039770"]
[BlackFideId "14531534"]
[WhiteElo "2174"]
[BlackElo "2540"]
[Result "0-1"]
[Round "02"]
[TimeControl "180+1"]
[Date "2022.07.27"]
[WhiteClock "0:00:02"]
[BlackClock "0:00:32"]

1. e4 c5 2. Nc3 g6 3. Bc4 Bg7 4. Qf3 e6 5. Nb5 d6 6. Qg3 Be5 7. f4 Bg7 8. e5 d5 9. Nd6+ Kf8 10. Be2 Nc6 11. Nf3 Nge7 12. Ng5 Nf5 13. Nxf5 exf5 14. O-O h6 15. Nf3 Be6 16. Bb5 Qb6 17. Bxc6 Qxc6 18. d4 Kg8 19. c3 Kh7 20. Qh4 Rhc8 21. Be3 b6 22. h3 Kg8 23. g4 Qd7 24. g5 h5 25. Qf2 Qb5 26. Kh2 a5 27. a4 Qc6 28. h4 Rc7 29. Rfc1 Bc8 30. Qd2 Ba6 31. Rd1 Bc4 32. Ra3 Bf8 33. Qc2 Qb7 34. Raa1 Qa6 35. Rd2 Qb7 36. Rad1 Rd8 37. Bf2 Ba6 38. Kg3 c4 39. Re2 Qc6 40. e6 fxe6 41. Rde1 Bc8 42. Ne5 Qe8 43. Bg1 Bd7 44. Kh2 Bxa4 45. Qd2 Bd6 46. Bf2 Bd7 47. Bg3 Bxe5 48. Rxe5 Ra8 49. R1e3 Qf8 50. Qe2 Rc6 51. Be1 b5 52. Bd2 b4 53. Qe1 b3 54. Bc1 a4 55. Re2 Rca6 56. Qf2 Kf7 57. Rd2 a3 58. bxa3 Rxa3 59. Rb2 Ra1 60. Re1 R8a2 61. Qe3 Qd6 62. Ree2 Ke8 63. Kg3 Kd8 64. Kh3 Kc7 65. Kg2 Kc6 66. Kg3 Kb5 67. Kh3 Qa3 68. Kg3 Rxc1 69. Qxc1 Ra1 70. Qe3 Rd1 71. Qe5 Qa5 72. Qb8+ Kc6 73. Re3 Rc1 74. Qb4 Qxb4 75. cxb4 Kb5 76. Rbe2 Kxb4 77. Rxe6 Bxe6 78. Rxe6 b2 79. Rb6+ Kc3 0-1


[Site "https://www.chess.com"]

[Event "Titled Tuesday Blitz July 26 Late 2022"]
[White "Mazibuko, Khanya"]
[Black "Quesada Perez, Yuniesky"]
[WhiteFideId "14321041"]
[BlackFideId "3504409"]
[WhiteElo "1873"]
[BlackElo "2599"]
[Result "0-1"]
[Round "02"]
[TimeControl "180+1"]
[Date "2022.07.27"]
[WhiteClock "0:00:10"]
[BlackClock "0:00:14"]

1. e4 c5 2. Nf3 e6 3. c3 Nf6 4. e5 Nd5 5. Bc4 d6 6. d4 cxd4 7. cxd4 Nc6 8. O-O Be7 9. exd6 Qxd6 10. Nc3 O-O 11. Re1 Nxc3 12. bxc3 b6 13. Bd3 Bb7 14. Bc2 Rfd8 15. Qd3 g6 16. Bh6 Qd5 17. Qe3 Qh5 18. Rad1 Na5 19. Bf4 Bxf3 20. gxf3 Bf6 21. Bd3 Rac8 22. Rc1 Nc4 23. Qe2 b5 24. a4 a6 25. axb5 axb5 26. Rb1 Rd5 27. Bg3 Kg7 28. Rb3 Na5 29. Ra3 b4 30. cxb4 Nc6 31. Ba6 Nxd4 32. Qe4 Rcd8 33. Qg4 Qxg4 34. fxg4 Nc2 35. Ree3 Nxe3 36. Rxe3 Rd1+ 37. Kg2 Rb1 38. b5 Rd2 39. h4 Bd4 40. Rf3 h6 41. Bc7 Rbb2 42. Bg3 e5 43. g5 hxg5 44. hxg5 e4 45. Rf4 Bxf2 46. Rxe4 Bxg3+ 47. Kxg3 Rd5 48. Rg4 Rd3+ 49. Kh4 Rh2# 0-1


[Site "https://www.chess.com"]

[Event "Titled Tuesday Blitz July 26 Late 2022"]
[White "Meshkovs, Nikita"]
[Black "Roberson, Peter T"]
[WhiteFideId "11602740"]
[BlackFideId "412384"]
[WhiteElo "2506"]
[BlackElo "2346"]
[Result "1-0"]
[Round "02"]
[TimeControl "180+1"]
[Date "2022.07.26"]
[WhiteClock "0:00:18"]
[BlackClock "0:00:09"]

1. c4 b6 2. Nc3 e6 3. a3 c5 4. e3 Bb7 5. Nf3 Nf6 6. d4 d5 7. Be2 Nbd7 8. O-O dxc4 9. Bxc4 Be7 10. Qe2 O-O 11. Rd1 Qc8 12. h3 a6 13. a4 cxd4 14. exd4 Re8 15. Ng5 Nf8 16. Bb3 Qc6 17. Nf3 Rad8 18. Bf4 Ng6 19. Bg3 Bd6 20. Rac1 Bxg3 21. fxg3 Qd6 22. Kh2 h5 23. Ne5 h4 24. Qe3 Nd5 25. Nxd5 Bxd5 26. Bc2 Nxe5 27. dxe5 Qe7 28. Rd4 hxg3+ 29. Qxg3 Rc8 30. Rg4 Qf8 31. Qh4 Rxc2 32. Rxc2 Rc8 33. Rxc8 Qxc8 34. Qf6 Qf8 35. Rg3 b5 36. axb5 axb5 37. Qg5 b4 38. h4 Be4 39. Qf4 Qa8 40. h5 Qd5 41. Qf6 Bg6 42. Qg5 b3 43. hxg6 fxg6 44. Qxg6 Qxe5 45. Qg5 Qxb2 46. Qd8+ Kh7 47. Rh3+ Kg6 48. Qe8+ Kf6 49. Rf3+ Ke5 50. Qb5+ Kd6 51. Qb6+ Ke7 52. Qb7+ Ke8 53. Qb8+ Ke7 54. Qxb3 Qe5+ 55. Rg3 Qh5+ 56. Rh3 Qe5+ 57. Qg3 Qf6 58. Qc7+ 1-0


[Site "https://www.chess.com"]

[Event "Titled Tuesday Blitz July 26 Late 2022"]
[White "Nagy, Gabor"]
[Black "Araujo Sanchez, Josue"]
[WhiteFideId "737119"]
[BlackFideId "6416896"]
[WhiteElo "2530"]
[BlackElo "2358"]
[Result "1-0"]
[Round "02"]
[TimeControl "180+1"]
[Date "2022.07.26"]
[WhiteClock "0:01:04"]
[BlackClock "0:00:06"]

1. c4 g6 2. Nc3 Bg7 3. g3 c5 4. Bg2 Nc6 5. d3 e6 6. h4 h6 7. h5 g5 8. f4 gxf4 9. Bxf4 d6 10. Qd2 Nf6 11. Nf3 a6 12. O-O-O e5 13. Be3 Be6 14. Nh4 d5 15. Bxc5 Rc8 16. Kb1 dxc4 17. dxc4 Qxd2 18. Rxd2 Nxh5 19. Ne4 Bf8 20. Bf3 Bxc5 21. Nxc5 Nxg3 22. Rhd1 Nf5 23. Bxc6+ bxc6 24. Nf3 Bxc4 25. Nxe5 Ne3 26. Rg1 Bd5 27. Rd3 Nc4 28. Ng4 h5 29. Nf6+ Ke7 30. Nxd5+ cxd5 31. Rxd5 Nb6 32. Rf5 Rcg8 33. Rgf1 Rh7 34. Ne4 Rg6 35. Ng5 Rhg7 36. Nxf7 Rxf7 37. Rxf7+ 1-0


[Site "https://www.chess.com"]

[Event "Titled Tuesday Blitz July 26 Late 2022"]
[White "Nakamura, Hikaru"]
[Black "Zhu, Jiner"]
[WhiteFideId "2016192"]
[BlackFideId "8608059"]
[WhiteElo "2850"]
[BlackElo "2281"]
[Result "1-0"]
[Round "02"]
[TimeControl "180+1"]
[Date "2022.07.26"]
[WhiteClock "0:02:03"]
[BlackClock "0:00:01"]

1. g3 Nf6 2. Bg2 d5 3. d3 e6 4. Nd2 c5 5. e4 Nc6 6. Ngf3 Be7 7. O-O O-O 8. Re1 Qc7 9. c3 b5 10. e5 Nd7 11. Qe2 b4 12. c4 Nb6 13. Nf1 Bb7 14. h4 Rad8 15. b3 dxc4 16. dxc4 Nd4 17. Nxd4 cxd4 18. Bxb7 Qxb7 19. Qg4 Rfe8 20. h5 a5 21. Nd2 Nd7 22. Nf3 Nc5 23. h6 g6 24. Bg5 d3 25. Nd2 Bxg5 26. Qxg5 Qe7 27. Qe3 Rd7 28. a3 Rc8 29. axb4 axb4 30. Ra5 Rdc7 31. Rea1 f6 32. Ra8 f5 33. R1a7 Qd7 34. Rxc8+ Qxc8 35. Ra5 Kf7 36. Qg5 Nd7 37. Nf3 Rc5 38. Ra7 Rc7 39. Ra1 Qb7 40. Qe3 Nc5 41. Ng5+ Ke7 42. Nxh7 Nxb3 43. Rd1 Rd7 44. Qg5+ 1-0


[Site "https://www.chess.com"]

[Event "Titled Tuesday Blitz July 26 Late 2022"]
[White "Ovezdurdyyeva, Jemal"]
[Black "Tymrakiewicz, Rafal"]
[WhiteFideId "14001888"]
[BlackFideId "1108832"]
[WhiteElo "1946"]
[BlackElo "2205"]
[Result "1-0"]
[Round "02"]
[TimeControl "180+1"]
[Date "2022.07.27"]
[WhiteClock "0:00:07"]
[BlackClock "0:00:01"]

1. e4 Nf6 2. e5 Nd5 3. c4 Nb6 4. Nc3 d6 5. exd6 cxd6 6. Nf3 g6 7. h3 Bg7 8. d4 O-O 9. Be2 Nc6 10. O-O Bf5 11. Be3 d5 12. c5 Nc4 13. Bc1 b6 14. b3 N4a5 15. Bb2 Be4 16. a3 e6 17. b4 Bxf3 18. gxf3 Nxd4 19. bxa5 Qg5+ 20. Kh1 Qh4 21. Kg2 bxc5 22. Rh1 Rab8 23. Ra2 Rb3 24. Nb5 Rxb5 25. Bxb5 Nxb5 26. Bxg7 Kxg7 27. Qc2 Rc8 28. Rb2 Nd4 29. Qc3 Qg5+ 30. Kf1 Qf6 31. Kg2 a6 32. Rd1 e5 33. Rb6 Qg5+ 34. Kh2 Qf4+ 35. Kg2 Qg5+ 36. Kh2 Qf5 37. Kg2 c4 38. Rxa6 Rd8 39. Rb6 Ne6 40. a6 Nf4+ 41. Kf1 Qg5 42. Ke1 Qg1+ 43. Kd2 Qxf2+ 44. Kc1 d4 45. Qxc4 Ne2+ 46. Kb1 Nc3+ 47. Kc1 Ne2+ 48. Kb1 Nc3+ 49. Kc1 Qe3+ 50. Rd2 Qe1+ 51. Kc2 Rd5 52. Rb3 Qg1 53. Rxc3 d3+ 54. Rdxd3 Qf2+ 55. Kb3 Qb6+ 56. Qb4 Rb5 57. a7 Rxb4+ 58. axb4 Qxa7 59. Re3 f6 60. Kc4 Qd4+ 61. Kb3 g5 62. b5 Qd5+ 63. Kb4 h5 64. Rc7+ Kg6 65. Rec3 Qd4+ 66. R3c4 Qb2+ 67. Kc5 Qf2+ 68. Kd6 Qxf3 69. R7c6 Qd3+ 70. Ke7 e4 71. R4c5 e3 72. Rxf6+ Kg7 73. Rf7+ Kg6 74. Rc6+ Qd6+ 75. Rxd6# 1-0


[Site "https://www.chess.com"]

[Event "Titled Tuesday Blitz July 26 Late 2022"]
[White "Pakleza, Zbigniew"]
[Black "MacDaddyMac"]
[WhiteFideId "1119290"]
[WhiteElo "2467"]
[BlackElo "2569"]
[Result "1/2-1/2"]
[Round "02"]
[TimeControl "180+1"]
[Date "2022.07.26"]
[WhiteClock "0:00:03"]
[BlackClock "0:00:21"]

1. d4 e6 2. Nf3 b6 3. e4 Bb7 4. Bd3 d5 5. exd5 Qxd5 6. O-O Nf6 7. c4 Qh5 8. Be2 Qg6 9. Nc3 Ne4 10. Ne5 Nxc3 11. Nxg6 Nxd1 12. Nxh8 Nxb2 13. Bxb2 Bd6 14. Bh5 g6 15. Bf3 Bxf3 16. gxf3 Kf8 17. d5 e5 18. f4 Nd7 19. Rfe1 Re8 20. fxe5 Nxe5 21. Kg2 Re7 22. c5 bxc5 23. Rab1 f6 24. f4 Nd7 25. Rxe7 Bxe7 26. Bc3 Kg7 27. Rb7 Bd6 28. Rxa7 Kxh8 29. a4 Nb6 30. a5 Nxd5 31. Bd2 c4 32. Rb7 c3 33. Bc1 c2 34. a6 Bxf4 35. a7 Bxc1 36. a8=Q+ Kg7 37. Qa2 Bf4 38. Rb1 cxb1=Q 39. Qxb1 Be5 40. Qe4 Nf4+ 41. Kh1 g5 42. Qc6 Kg6 43. Qd7 h5 44. Qe8+ Kf5 45. Qc8+ Kg6 46. Qh8 h4 47. Qc8 Bd6 48. h3 Nh5 49. Qe8+ Kh6 50. Qh8+ Kg6 51. Qe8+ Kh6 52. Kg2 Nf4+ 53. Kh2 Kg7 54. Qd7+ Kg6 55. Qc8 Kf7 56. Qa8 Ke6 57. Qa2+ Kf5 58. Qb1+ Ke6 59. Qb3+ Ke7 60. Kh1 Kf8 61. Kg1 Be5 62. Kf1 Ke7 63. Qc4 Kd6 64. Qb3 c5 65. Kf2 Bd4+ 66. Kf3 Be5 67. Ke4 Ne6 68. Qb6+ Ke7 69. Kf5 Nd4+ 70. Kg6 Bd6 71. Qb7+ Ke6 72. Qe4+ Be5 73. Qb7 Bd6 74. Qe4+ Be5 75. Qb7 Bd6 1/2-1/2


[Site "https://www.chess.com"]

[Event "Titled Tuesday Blitz July 26 Late 2022"]
[White "Peng, David Yu"]
[Black "Suleymanli, Aydin"]
[WhiteFideId "2605376"]
[BlackFideId "13413937"]
[WhiteElo "2166"]
[BlackElo "2481"]
[Result "0-1"]
[Round "02"]
[TimeControl "180+1"]
[Date "2022.07.26"]
[WhiteClock "0:00:08"]
[BlackClock "0:00:16"]

1. e4 e5 2. Nf3 Nc6 3. Bb5 a6 4. Ba4 Nf6 5. Qe2 Qe7 6. c3 b5 7. Bb3 d6 8. O-O g6 9. d3 h6 10. Re1 Bg7 11. Nbd2 O-O 12. Nf1 Kh8 13. Ne3 Na5 14. Bc2 Nc6 15. a4 Be6 16. b4 d5 17. Bd2 d4 18. cxd4 exd4 19. Nf1 Nxb4 20. Bxb4 Qxb4 21. Reb1 Qc5 22. Bb3 Bxb3 23. Rxb3 Nd7 24. Qd2 c6 25. h4 Qd6 26. axb5 axb5 27. Rc1 Rfb8 28. h5 c5 29. hxg6 fxg6 30. Qb2 b4 31. N1d2 Ra4 32. Nc4 Qa6 33. Qd2 Ra2 34. Qf4 Rf8 35. Qc7 Qe6 36. Rb2 Raa8 37. Qd6 Qxd6 38. Nxd6 Ra6 39. Nc4 Rfa8 40. Nfd2 h5 41. g3 h4 42. Kg2 hxg3 43. fxg3 Bh6 44. Rh1 Kg7 45. Nf3 Ra2 46. Rb1 Kf6 47. g4 Bf4 48. Rf1 Ke6 49. Rb1 g5 50. Ng1 Rxb2+ 51. Rxb2 Ra1 52. Ne2 Be3 53. Nxe3 dxe3 54. Rb3 Ra3 55. Rxa3 bxa3 56. Nc3 Ne5 57. Na2 Kd6 58. Nc1 Nxd3 59. Nxd3 a2 60. e5+ Ke7 61. Nxc5 a1=Q 62. Kf3 Qxe5 63. Nd3 Qd4 64. Ne1 Qf4+ 65. Ke2 Qf2+ 0-1


[Site "https://www.chess.com"]

[Event "Titled Tuesday Blitz July 26 Late 2022"]
[White "Pfreundt, Jakob"]
[Black "Bortnyk, Olexandr"]
[WhiteFideId "12918156"]
[BlackFideId "14120828"]
[WhiteElo "2345"]
[BlackElo "2723"]
[Result "0-1"]
[Round "02"]
[TimeControl "180+1"]
[Date "2022.07.26"]
[WhiteClock "0:00:21"]
[BlackClock "0:01:14"]

1. Nf3 d6 2. d4 Nf6 3. g3 g6 4. Bg2 Bg7 5. O-O O-O 6. Nc3 Nbd7 7. a4 a5 8. e4 e5 9. h3 b6 10. Re1 Bb7 11. Be3 Nxe4 12. Nxe4 Bxe4 13. dxe5 Nxe5 14. Nxe5 Bxg2 15. Kxg2 dxe5 16. Qe2 Qd5+ 17. Kh2 Rad8 18. Rad1 Qc6 19. b3 h6 20. h4 f5 21. Bc1 Kh7 22. Ba3 Rfe8 23. h5 g5 24. Rxd8 Rxd8 25. Rd1 Rd7 26. Rd3 e4 27. Rxd7 Qxd7 28. g4 Be5+ 29. Kg2 Kg7 30. Qc4 Qd1 31. gxf5 Qf3+ 32. Kg1 Qh3 33. f6+ Kh8 0-1


[Site "https://www.chess.com"]

[Event "Titled Tuesday Blitz July 26 Late 2022"]
[White "Pinheiro, Iung Alicio de O."]
[Black "Szczepanek, Radoslaw"]
[WhiteFideId "2104350"]
[BlackFideId "1120395"]
[WhiteElo "2283"]
[BlackElo "2161"]
[Result "1/2-1/2"]
[Round "02"]
[TimeControl "180+1"]
[Date "2022.07.27"]
[WhiteClock "0:00:08"]
[BlackClock "0:00:10"]

1. d4 Nf6 2. c4 g6 3. Nc3 Bg7 4. e4 d6 5. h3 O-O 6. Be3 e5 7. d5 a5 8. g4 Na6 9. Nge2 c6 10. Ng3 cxd5 11. cxd5 Nc5 12. a4 Bd7 13. f3 Rc8 14. Bb5 Ne8 15. h4 Nc7 16. Bxd7 Qxd7 17. Ra3 Ra8 18. Bxc5 dxc5 19. Rb3 Ne8 20. Nb5 b6 21. h5 Nd6 22. Nxd6 Qxd6 23. Rb5 Rab8 24. b3 Bf6 25. Kf2 Bg5 26. Kg2 Bf4 27. Ne2 Bg5 28. Qd3 Rb7 29. Nc3 Bd8 30. Nb1 f5 31. exf5 gxf5 32. gxf5 Rg7+ 33. Kf2 Rg5 34. Nd2 Rgxf5 35. Rg1+ Kh8 36. Rg4 Qf6 37. d6 Rf4 38. Rxf4 Qxf4 39. d7 Bh4+ 40. Ke2 Bd8 41. Qe4 Qxe4+ 42. Nxe4 Rf7 43. Nd6 Rxd7 44. Nc4 Kg7 45. Nxb6 Rb7 46. Nc4 Rxb5 47. axb5 Kh6 48. b6 Kxh5 49. b7 Bc7 50. Nxa5 Kg5 51. Nc6 Kf4 52. b8=Q Bxb8 53. Nxb8 e4 54. fxe4 Kxe4 55. Nc6 Kd5 56. Na5 h5 57. Kf3 Kd4 58. Kg3 Kc3 59. Kh4 Kb4 60. Nb7 Kxb3 61. Nxc5+ Kc4 62. Kxh5 1/2-1/2


[Site "https://www.chess.com"]

[Event "Titled Tuesday Blitz July 26 Late 2022"]
[White "Plotnikov, Pavel"]
[Black "Kravtsiv, Martyn"]
[WhiteFideId "4170342"]
[BlackFideId "14113147"]
[WhiteElo "2298"]
[BlackElo "2694"]
[Result "1-0"]
[Round "02"]
[TimeControl "180+1"]
[Date "2022.07.26"]
[WhiteClock "0:00:26"]
[BlackClock "0:00:15"]

1. e4 e5 2. Nf3 Nc6 3. Nc3 Nf6 4. Be2 Bb4 5. Nd5 Be7 6. Nxe7 Qxe7 7. O-O d6 8. d4 Bg4 9. d5 Bxf3 10. Bxf3 Nd4 11. Be3 Nxf3+ 12. Qxf3 h6 13. c4 O-O 14. b4 c6 15. dxc6 bxc6 16. b5 Rfc8 17. a4 Qe6 18. Rfc1 cxb5 19. cxb5 Rc4 20. a5 Nxe4 21. b6 axb6 22. axb6 Qc8 23. Rxa8 Rxc1+ 24. Bxc1 Qxa8 25. h3 Qc6 26. Kh2 d5 27. Qb3 Nd6 28. Ba3 Nb7 29. Qb4 Kh7 30. Qe7 Qxb6 31. Qxf7 Qf6 32. Qxb7 Qxf2 33. Qxd5 Qf4+ 34. g3 Qf2+ 35. Qg2 Qe3 36. Bb2 e4 37. Qc2 Qf3 38. h4 h5 39. Qd2 Kg6 40. Bc1 Kh7 41. Qe3 Qf4 42. Qxf4 1-0


[Site "https://www.chess.com"]

[Event "Titled Tuesday Blitz July 26 Late 2022"]
[White "Pranav, V"]
[Black "Haitin, Ilja"]
[WhiteFideId "25060783"]
[BlackFideId "4501764"]
[WhiteElo "2380"]
[BlackElo "2209"]
[Result "1-0"]
[Round "02"]
[TimeControl "180+1"]
[Date "2022.07.27"]
[WhiteClock "0:00:50"]
[BlackClock "0:00:04"]

1. b3 d5 2. Bb2 c6 3. e3 Nf6 4. f4 g6 5. Nf3 Bg7 6. Bd3 O-O 7. O-O a5 8. a4 Na6 9. Ne5 Nd7 10. Qf3 Nb4 11. Qg3 Nxd3 12. cxd3 Qb6 13. Nxd7 Bxd7 14. Bxg7 Kxg7 15. Nc3 Qxb3 16. Rab1 Qc2 17. Rxb7 Bc8 18. Rxe7 Qxd2 19. Qe1 Qxd3 20. Qa1 Kg8 21. Rd1 Qc4 22. Rc7 Bg4 23. Nxd5 cxd5 24. Rxc4 dxc4 25. Rc1 Be2 26. h4 h5 27. f5 Bd3 28. fxg6 fxg6 29. Qd4 Rae8 30. Qd5+ Kh7 31. Qxa5 Re4 32. Qd5 Rxh4 33. Qd7+ Kg8 34. Qe6+ Rf7 35. a5 Re4 36. Qxg6+ Kf8 37. Qd6+ Ree7 38. a6 Kg7 39. Ra1 Kh7 40. Ra5 Bg6 41. Rg5 Rg7 42. Rxg6 Rxg6 43. Qxe7+ Rg7 44. Qxg7+ Kxg7 45. a7 c3 46. a8=Q c2 47. Qa1+ Kg6 48. Qc1 1-0


[Site "https://www.chess.com"]

[Event "Titled Tuesday Blitz July 26 Late 2022"]
[White "Prieto Aranguren, Alain"]
[Black "Nozdrachev, Leonid"]
[WhiteFideId "2268906"]
[BlackFideId "24113433"]
[WhiteElo "2224"]
[BlackElo "2100"]
[Result "0-1"]
[Round "02"]
[TimeControl "180+1"]
[Date "2022.07.27"]
[WhiteClock "0:00:02"]
[BlackClock "0:00:03"]

1. d4 d6 2. Nf3 g6 3. c4 f5 4. g3 Bg7 5. Bg2 e5 6. dxe5 dxe5 7. Qxd8+ Kxd8 8. e4 Nc6 9. O-O fxe4 10. Ng5 Nh6 11. Nc3 Ke7 12. Ngxe4 Nf7 13. Be3 Be6 14. Nd5+ Bxd5 15. cxd5 Nd4 16. Kh1 Nd6 17. Rac1 Rhc8 18. Nc5 b6 19. Bxd4 exd4 20. Ne6 Ne8 21. Rfe1 Kf7 22. d6 cxd6 23. Bxa8 Rxa8 24. Nxg7 Kxg7 25. Red1 Nf6 26. Rxd4 Re8 27. Rc7+ Kh6 28. Rxd6 Ne4 29. Rdd7 Nxf2+ 30. Kg2 Ng4 31. h4 Nf6 32. Rf7 Re6 33. Rxa7 Kh5 34. Kh3 g5 35. g4+ Kh6 36. hxg5+ Kxg5 37. Rg7+ Kf4 38. g5 Re3+ 39. Kh4 Re1 40. Kh3 Ne4 41. Raf7+ Ke3 42. Rxh7 Nxg5+ 43. Kg4 Nxh7 44. Rxh7 Rb1 45. Rb7 Rxb2 46. a4 Kd4 47. a5 b5 48. a6 Kc5 49. a7 Ra2 50. Rf7 Kc6 51. Kf3 Kb6 52. Ke3 Rxa7 53. Rf5 Ka5 54. Kd3 Rc7 55. Rf1 b4 56. Rf2 b3 0-1


[Site "https://www.chess.com"]

[Event "Titled Tuesday Blitz July 26 Late 2022"]
[White "Raja Harshit"]
[Black "Kozin, Yuri"]
[WhiteFideId "5089000"]
[BlackFideId "4129920"]
[WhiteElo "2338"]
[BlackElo "2532"]
[Result "*"]
[Round "02"]
[TimeControl "180+1"]
[Date "2022.07.26"]
[WhiteClock "0:02:35"]
[BlackClock "0:01:29"]

1. e4 c5 2. Nf3 e6 3. d4 cxd4 4. Nxd4 a6 5. Bd3 Qc7 6. O-O Nc6 7. Nxc6 dxc6 8. a4 a5 9. Na3 e5 10. Nc4 Nf6 11. f4 Bc5+ 12. Kh1 Ng4 13. fxe5 O-O 14. Qf3 *


[Site "https://www.chess.com"]

[Event "Titled Tuesday Blitz July 26 Late 2022"]
[White "Rastbod, Ali"]
[Black "Oparin, Grigoriy"]
[WhiteFideId "12567477"]
[BlackFideId "24125890"]
[WhiteElo "2135"]
[BlackElo "2639"]
[Result "*"]
[Round "02"]
[TimeControl "180+1"]
[Date "2022.07.26"]
[WhiteClock "0:02:13"]
[BlackClock "0:02:05"]

1. d4 Nf6 2. Nf3 g6 3. Bg5 Bg7 4. Nbd2 O-O 5. e3 c5 6. c3 d6 7. Be2 h6 8. Bh4 cxd4 9. exd4 Nc6 10. O-O Qc7 11. Re1 e5 12. dxe5 dxe5 13. Nc4 Be6 14. Qd6 Qxd6 15. Nxd6 Nd7 16. Bb5 a6 17. Bxc6 bxc6 18. Be7 Rfb8 19. b3 f5 20. Rad1 a5 21. Nd4 *


[Site "https://www.chess.com"]

[Event "Titled Tuesday Blitz July 26 Late 2022"]
[White "Rego, Pedro Filipe"]
[Black "Gallo Garcia, Kemel Antonio"]
[WhiteFideId "1904310"]
[BlackFideId "3523896"]
[WhiteElo "2125"]
[BlackElo "2359"]
[Result "0-1"]
[Round "02"]
[TimeControl "180+1"]
[Date "2022.07.27"]
[WhiteClock "0:00:09"]
[BlackClock "0:00:07"]

1. d4 Nf6 2. Bf4 g6 3. Nc3 d5 4. e3 Bg7 5. h4 c6 6. Be2 h5 7. Nf3 b5 8. Ne5 Nfd7 9. Nd3 a5 10. f3 Nb6 11. Ne5 N6d7 12. Nd3 Na6 13. Qd2 Nb6 14. Ne5 Bb7 15. Bd3 Nb4 16. O-O Nxd3 17. Qxd3 O-O 18. b3 b4 19. Ne2 Ba6 20. Qd2 Rc8 21. Rfc1 Nd7 22. c4 Nxe5 23. Bxe5 Bxe5 24. dxe5 dxc4 25. Qxd8 Rfxd8 26. bxc4 Rd2 27. Nd4 a4 28. c5 Rd3 29. Kf2 Rd2+ 30. Kg3 f6 31. exf6 e5 32. Rc2 Rxc2 33. Nxc2 Rb8 34. Rb1 b3 35. axb3 axb3 36. Ne1 Bc4 37. Rb2 Kf7 38. Kf2 Ra8 39. Rb1 Ra2+ 40. Kg3 b2 41. f4 Kxf6 42. fxe5+ Kxe5 43. Nf3+ Kd5 44. Nd2 Kxc5 45. Kf4 Kb4 46. Ke4 Kc3 47. Nxc4 Kxc4 48. Ke5 Kc3 49. e4 Ra1 50. Rf1 Rxf1 0-1


[Site "https://www.chess.com"]

[Event "Titled Tuesday Blitz July 26 Late 2022"]
[White "Reprintsev, Alexander"]
[Black "Rustemov, Alexander"]
[WhiteFideId "14100541"]
[BlackFideId "4119002"]
[WhiteElo "2108"]
[BlackElo "2802"]
[Result "0-1"]
[Round "02"]
[TimeControl "180+1"]
[Date "2022.07.26"]
[WhiteClock "0:00:11"]
[BlackClock "0:01:12"]

1. e4 e6 2. Qe2 c5 3. b3 Nc6 4. Bb2 Nf6 5. e5 Nd5 6. Nf3 Be7 7. c4 Nf4 8. Qe3 Ng6 9. Nc3 O-O 10. h4 f6 11. exf6 Bxf6 12. h5 Nge5 13. Nxe5 Bxe5 14. O-O-O Bd4 15. Qe4 Qf6 16. Bd3 Qf5 17. f3 Qxe4 18. Bxe4 d6 19. Bxc6 bxc6 20. Ne2 Bxb2+ 21. Kxb2 e5 22. Nc3 Bf5 23. d3 h6 24. Ne4 Rad8 25. Kc3 a5 26. a3 Kf7 27. Rb1 Ke6 28. b4 axb4+ 29. axb4 cxb4+ 30. Rxb4 Ra8 31. Rhb1 Ra3+ 32. R4b3 Rfa8 33. g4 Bh7 34. Rb2 d5 35. cxd5+ cxd5 36. Nc5+ Kd6 37. Kb4 R3a7 38. d4 exd4 39. Kb5 Rb8+ 0-1


[Site "https://www.chess.com"]

[Event "Titled Tuesday Blitz July 26 Late 2022"]
[White "Riehle, Marco"]
[Black "Ozer, Omer Faruk"]
[WhiteFideId "12904392"]
[BlackFideId "6354564"]
[WhiteElo "2462"]
[BlackElo "2050"]
[Result "1-0"]
[Round "02"]
[TimeControl "180+1"]
[Date "2022.07.26"]
[WhiteClock "0:01:00"]
[BlackClock "0:00:09"]

1. e4 c5 2. a3 d5 3. exd5 Nf6 4. Nf3 Nxd5 5. c4 Nf6 6. d4 cxd4 7. Qxd4 Qxd4 8. Nxd4 a6 9. Nc3 e6 10. Bf4 Bd7 11. O-O-O Nc6 12. Be2 Nxd4 13. Rxd4 Bc5 14. Rd2 Bc6 15. Bf3 Bxf3 16. gxf3 O-O 17. Rhd1 Rfc8 18. Kc2 Bf8 19. Kb3 Rc6 20. Rd8 Rac8 21. Rxc8 Rxc8 22. Ne4 b5 23. Nxf6+ gxf6 24. cxb5 axb5 25. Rd7 Kg7 26. Be3 Bc5 27. Rb7 Bxe3 28. fxe3 Rc5 29. Kb4 Rc2 30. b3 Rxh2 31. Rxb5 Re2 32. a4 f5 33. a5 Ra2 34. Kc5 h5 35. Kb6 h4 36. b4 h3 37. Rc5 Kf6 38. a6 Kg5 39. Rc8 Kh4 40. Rh8+ Kg3 41. b5 h2 42. a7 e5 43. Kb7 Kg2 44. b6 h1=Q 45. Rxh1 Kxh1 46. a8=Q Rxa8 47. Kxa8 f4 48. exf4 exf4 49. b7 Kg2 50. b8=Q Kxf3 51. Ka7 Kg3 52. Kb6 Kg4 53. Kc5 f3 54. Qh2 f5 55. Kd5 f4 1-0


[Site "https://www.chess.com"]

[Event "Titled Tuesday Blitz July 26 Late 2022"]
[White "Sarana, Alexey"]
[Black "Hjartarson, Johann"]
[WhiteFideId "24133795"]
[BlackFideId "2300044"]
[WhiteElo "2666"]
[BlackElo "2458"]
[Result "1-0"]
[Round "02"]
[TimeControl "180+1"]
[Date "2022.07.26"]
[WhiteClock "0:00:29"]
[BlackClock "0:00:01"]

1. c4 e5 2. Nc3 Nf6 3. Nf3 Nc6 4. g3 Nd4 5. Bg2 Nxf3+ 6. Bxf3 Bb4 7. O-O Bxc3 8. bxc3 O-O 9. c5 Re8 10. d4 e4 11. Bg2 h6 12. a4 b6 13. a5 bxc5 14. dxc5 Bb7 15. Qd4 Bc6 16. c4 Re6 17. Bf4 Nh5 18. Be3 Qe7 19. a6 f5 20. Rfb1 Rf8 21. Rb7 Bxb7 22. axb7 a6 23. Rb1 Rb8 24. Qd5 g6 25. c6 dxc6 26. Qa5 c5 27. Bxc5 Qd7 28. Ba7 Rb6 29. Bxb6 Rxb7 30. c5 cxb6 31. Qxa6 Nf6 32. Rxb6 Ra7 33. Qc4+ Qd5 34. Qxd5+ Nxd5 35. Rxg6+ Kf7 36. Rxh6 Ra1+ 37. Bf1 Nc3 38. Kg2 Ke7 39. c6 Nd5 40. h4 Rc1 41. e3 Nf6 42. Bb5 Ng4 43. Rh7+ Kd6 44. Rd7+ Kc5 45. Be2 Ne5 46. c7 Kb6 47. Rd5 Nd3 48. Bxd3 exd3 49. Rxd3 1-0


[Site "https://www.chess.com"]

[Event "Titled Tuesday Blitz July 26 Late 2022"]
[White "Schekachikhin, Maksim"]
[Black "Abdrlauf, Elham"]
[WhiteFideId "24177830"]
[BlackFideId "1533533"]
[WhiteElo "2239"]
[BlackElo "2429"]
[Result "0-1"]
[Round "02"]
[TimeControl "180+1"]
[Date "2022.07.26"]
[WhiteClock "0:00:47"]
[BlackClock "0:00:04"]

1. d4 Nf6 2. c4 e6 3. Nc3 d5 4. Bg5 Be7 5. e3 O-O 6. Qc2 Nbd7 7. Nf3 h6 8. Bh4 c5 9. cxd5 Nxd5 10. Bxe7 Qxe7 11. Nxd5 exd5 12. dxc5 Nxc5 13. Be2 Be6 14. O-O Rac8 15. Rac1 b6 16. Nd4 Bd7 17. Bf3 Qe5 18. Qd2 Ne4 19. Bxe4 dxe4 20. Rxc8 Rxc8 21. Rc1 Re8 22. Ne2 Be6 23. a3 Bg4 24. Nf4 g5 25. Ne2 Bxe2 26. Qxe2 Kg7 27. Qd2 f6 28. g3 Re7 29. Rc8 Qe6 30. Qd8 Kg6 31. b4 Kh5 32. Kg2 Rd7 33. Qe8+ Qxe8 34. Rxe8 f5 35. h3 Rd3 36. a4 Ra3 37. g4+ fxg4 38. hxg4+ Kxg4 39. Rxe4+ Kf5 40. Rd4 Rxa4 41. Kf3 a5 42. Rd6 Rxb4 43. Rxh6 a4 44. e4+ Ke5 45. Rg6 a3 46. Rxg5+ Ke6 47. Rg8 b5 48. Rg1 a2 49. Ra1 Rb2 50. Ke3 b4 51. Kd3 b3 0-1


[Site "https://www.chess.com"]

[Event "Titled Tuesday Blitz July 26 Late 2022"]
[White "Shohat, Yotam"]
[Black "Grigorov, Grigor"]
[WhiteFideId "2813955"]
[BlackFideId "2907313"]
[WhiteElo "2119"]
[BlackElo "2510"]
[Result "0-1"]
[Round "02"]
[TimeControl "180+1"]
[Date "2022.07.26"]
[WhiteClock "0:00:01"]
[BlackClock "0:00:12"]

1. c4 e5 2. Nc3 Bb4 3. g3 Bxc3 4. bxc3 d6 5. Bg2 Ne7 6. Nh3 c5 7. O-O Nbc6 8. d3 O-O 9. f4 Bg4 10. Nf2 Be6 11. fxe5 dxe5 12. Ne4 b6 13. Ng5 Bg4 14. h3 Bd7 15. e3 h6 16. Nf3 Be6 17. e4 Qd7 18. Kh2 Rad8 19. Ne1 Bxc4 20. Qh5 Bxd3 21. Nxd3 Qxd3 22. Bxh6 gxh6 23. Rf6 Rd6 24. Raf1 Rxf6 25. Rxf6 Qd7 26. Qxh6 Ng6 27. Bf1 Na5 28. Bb5 Qe7 29. Rf5 Rd8 30. Rh5 Qf6 31. Qh7+ Kf8 32. Qh6+ Ke7 33. Rf5 Qe6 34. Qg7 Qxa2+ 35. Kg1 Rd1+ 0-1


[Site "https://www.chess.com"]